 Dungeon Crawl Stone Soup version 0.28.0-1-gb440e238dd (webtiles) character file.

Game seed: 5799793591409898715

4396 hawla the Cruncher (level 10, -2/56 HPs)
             Began as a Deep Elf Conjurer on Feb 24, 2022.
             Slain by a tengu warrior (16 damage)
             ... on level 8 of the Dungeon on Feb 25, 2022.
             The game lasted 00:26:50 (11177 turns).

hawla the Cruncher (Deep Elf Conjurer)             Turns: 11177, Time: 00:26:51

Health: -2/56      AC:  7    Str:  4    XL:     10   Next: 13%
Magic:  18/22      EV: 15    Int: 28    God:
Gold:   260        SH:  0    Dex: 13    Spells: 16/23 levels left

rFire   + . .      SeeInvis .   q - +4 quarterstaff (chaos)
rCold   + . .      Faith    .   (shield currently unavailable)
rNeg    . . .      Spirit   .   A - +2 robe {rC+ rF+}
rPois   .          Reflect  .   w - +0 helmet
rElec   .          Harm     .   r - +1 cloak
rCorr   .          Rampage  .   (no gloves)
Will    ++...                   (no boots)
Stlth   +++.......              b - amulet of the acrobat
HPRegen 0.18/turn               s - ring of willpower
MPRegen 0.18/turn               (no ring)

@: very slightly contaminated
A: no striking features
a: no special abilities


You were on level 8 of the Dungeon.
You visited 1 branch of the dungeon, and saw 8 of its levels.

You collected 413 gold pieces.
You spent 153 gold pieces at shops.

Inventory:

Hand Weapons
 a - the +8 war axe of the Sugar Beet {freeze, Drain rElec rN++ Str+4}
   (You found it on level 7 of the Dungeon)

   It freezes those it strikes, dealing additional cold damage.
   It can also slow down cold-blooded creatures.
   Str:       It affects your strength (+4).
   rElec:     It insulates you from electricity.
   rN:        It greatly protects you from negative energy.
   Drain:     It drains your maximum health when unequipped.
 q - a +4 quarterstaff of chaos (weapon)
Missiles
 e - 25 poisoned darts (quivered)
 j - 5 boomerangs
 F - a throwing net
Armour
 r - a +1 cloak (worn)
 w - a +0 helmet (worn)
 A - a +2 robe of resistance (worn)
Jewellery
 b - an amulet of the acrobat (around neck)
 s - a ring of willpower (left hand)
Wands
 l - a wand of acid (8)
 v - a wand of polymorph (28)
 x - a wand of flame (21)
 B - a wand of charming (6)
 I - a wand of iceblast (3)
Scrolls
 c - a scroll of blinking
 d - 3 scrolls of holy word {unknown}
 f - 2 scrolls of teleportation {unknown}
 g - a scroll of summoning
 h - 4 scrolls of enchant weapon
 i - a scroll of silence
 k - 3 scrolls of enchant armour
 m - 2 scrolls of magic mapping
 p - 2 scrolls of immolation {unknown}
 t - 2 scrolls of amnesia
 u - a scroll of fog
 y - 4 scrolls of vulnerability
Potions
 n - a potion of might
 o - a potion of attraction
 z - 2 potions of brilliance
 C - a potion of invisibility
 D - 4 potions of heal wounds
 H - a potion of lignification
 J - 2 potions of curing


   Skills:
 - Level 3.0 Fighting
 + Level 9.2 Staves
 - Level 1.0 Throwing
 + Level 8.8 Dodging
 - Level 5.0 Stealth
 - Level 7.0 Spellcasting
 - Level 7.0 Conjurations
 - Level 1.0 Necromancy
 - Level 2.0 Translocations
 - Level 1.0 Earth Magic
 - Level 1.0 Evocations


You had 16 spell levels left.
You knew the following spells:

 Your Spells              Type           Power      Damage    Failure   Level
a - Magic Dart            Conj           100%       1d8       1%          1
b - Searing Ray           Conj           98%        2d8       1%          2
c - Iskenderun's Mystic   Conj/Tloc      35%        2d8       9%          4

Your spell library contained the following spells:

 Spells                   Type           Power      Damage    Failure   Level
 Blink                    Tloc           42%        N/A       3%          2
 Conjure Flame            Conj/Fire      29%        6-21      3%          3
 Dazzling Flash           Conj/Hex       58%        N/A       3%          3
 Freeze                   Ice            36%        1d6       5%          1
 Mephitic Cloud           Conj/Pois/Air  22%        N/A       6%          3
 Lesser Beckoning         Tloc           21%        N/A       7%          3
 Call Imp                 Summ           9%         N/A       9%          2
 Fulminant Prism          Conj/Hex       14%        3d9       13%         4
 Hailstorm                Conj/Ice       29%        3d8       13%         4
 Sticky Flame             Conj/Fire      29%        2d5       13%         4
 Frozen Ramparts          Ice            18%        1d3       16%         3
 Ignite Poison            Fire/Tmut/Pois 9%         N/A       16%         3
 Tukima's Dance           Hex            9%         N/A       16%         3
 Passage of Golubria      Tloc           21%        N/A       24%         4
 Animate Dead             Necr           7%         N/A       34%         4
 Manifold Assault         Tloc           21%        N/A       54%         5
 Borgnjor's Vile Clutch   Necr/Erth      7%         N/A       69%         5
 Yara's Violent Unravell  Hex/Tmut       4%         3d4       83%         5
 Death Channel            Necr           7%         N/A       99%         6


Dungeon Overview and Level Annotations

Branches:
Dungeon (8/15)             Temple (0/1) D:4
   Lair: D:8-11

Altars:
Ashenzari
Makhleb
Qazlal
Zin

Shops:
D:4 *[   D:7 *


Message History

a +0 hand axe; a +0 ring mail; an orc corpse You pick up a book of Minor Magic and begin reading...
You add the spells Call Imp and Mephitic Cloud to your library.
You see here a +1 leather armour of positive energy.
You now have 260 gold pieces (gained 14).
A tengu warrior comes into view. It is wielding a +0 war axe.
A tengu warrior is nearby!
A tengu warrior is nearby!
A tengu warrior is nearby!
The helpless tengu warrior fails to defend itself.
You thump the tengu warrior!
The tengu warrior is moderately wounded.
The tengu warrior closely misses you. The tengu warrior pecks you.
The tengu warrior barely misses you. The tengu warrior blocks your attack.
The tengu warrior is moderately wounded.
The tengu warrior hits you with a +0 war axe!
The tengu warrior barely misses you. The tengu warrior closely misses you.
You closely miss the tengu warrior.
The tengu warrior is moderately wounded.
The tengu warrior hits you but does no damage.
The tengu warrior pecks you. The tengu warrior claws you.
You hit the tengu warrior. You freeze the tengu warrior.
The tengu warrior is moderately wounded.
The tengu warrior hits you with a +0 war axe.
The tengu warrior pecks you but does no damage.
The tengu warrior claws you.
You hit the tengu warrior.
You feel better.
The tengu warrior is moderately wounded.
The tengu warrior hits you with a +0 war axe!!
* * * LOW HITPOINT WARNING * * *
The tengu warrior barely misses you.
The tengu warrior claws you but does no damage.
Casting: Searing Ray (safe; 1% risk of failure)
Confirm with . or Enter, or press ? or * to list all spells.
You miscast Iskenderun's Mystic Blast.
You are very lightly contaminated with residual magic.
Nothing appears to happen.
The tengu warrior hits you with a +0 war axe!
You die...

#. ..#.. ####### #.. .
.....###..#[.##.##
####...# ##......#...
##...# ##...#.##..#
...######...##.#..##
.##.....)..####..##
...######...# ##..##
.....#####...####..#
.......####...#Q@#...#
##..##...###..#[.##.##
....####...#####.. ##
...## ##....##....
##># #.....#.#.#. #.#
#.#...## #.#. #.
#.#....# . ..
#......## .. .#
###.....#


You could see a tengu warrior.

Vanquished Creatures
  Maggie (D:8)
  Grinder (D:3)
  A wyvern (D:8)
  4 water moccasins
  3 orc warriors
  3 ice beasts
  A hornet zombie (D:8)
  5 ogres
  A black bear (D:6)
  3 centaurs
  3 necrophages
  A kobold brigand (D:6)
  A bullfrog (D:7)
  2 scorpions (D:5)
  A wyvern skeleton (D:7)
  5 killer bees (D:7)
  3 bullfrog zombies
  6 hounds
  3 orc priests
  A jelly (D:6)
  Crazy Yiuf (D:2)
  A centaur skeleton (D:7)
  Jessica (D:3)
  3 iguanas
  Natasha (twice) (D:2)
  Terence (D:3)
  7 orc wizards
  2 killer bee zombies
  Robin (D:3)
  8 gnolls
  6 adders
  5 worms
  2 dart slugs
  38 orcs
  8 bats
  7 endoplasms
  10 giant cockroaches
  18 goblins
  14 hobgoblins
  9 jackals
  11 kobolds
  3 quokkas
  8 ball pythons
  8 frilled lizards
  7 rats
230 creatures vanquished.

Vanquished Creatures (others)
  A plant (D:1)
1 creature vanquished.

Grand Total: 231 creatures vanquished

Notes
Turn   | Place    | Note
-------+----------+-------------------------------------------
     0 | D:1      | hawla the Deep Elf Conjurer began the quest for the Orb.
     0 | D:1      | Reached XP level 1. HP: 10/10 MP: 6/6
   183 | D:1      | Reached XP level 2. HP: 15/15 MP: 1/8
   292 | D:1      | Learned a level 2 spell: Searing Ray
   345 | D:1      | Reached skill level 5 in Conjurations
   673 | D:1      | Reached XP level 3. HP: 18/19 MP: 0/9
  1106 | D:2      | Found a glowing silver altar of Zin.
  1432 | D:2      | Reached XP level 4. HP: 24/24 MP: 11/11
  1632 | D:1      | Learned a level 4 spell: Iskenderun's Mystic Blast
  1868 | D:2      | Noticed Natasha
  1878 | D:2      | Killed Natasha
  2328 | D:2      | Noticed Natasha
  2338 | D:2      | Killed Natasha
  2339 | D:2      | Reached XP level 5. HP: 28/28 MP: 5/13
  2464 | D:2      | Found a faded altar of an unknown god.
  2526 | D:2      | Found a runed translucent door.
  2527 | D:2      | Noticed Crazy Yiuf
  3077 | D:2      | Killed Crazy Yiuf
  3078 | D:2      | Reached skill level 5 in Spellcasting
  3159 | D:3      | Noticed Grinder
  3492 | D:3      | Paralysed by Grinder for 2 turns
  3726 | D:3      | Killed Grinder
  3727 | D:3      | Reached XP level 6. HP: 25/32 MP: 2/17
  3885 | D:3      | Reached skill level 1 in Translocations
  4089 | D:3      | Noticed Robin
  4100 | D:3      | Killed Robin
  4101 | D:3      | Reached XP level 7. HP: 18/36 MP: 6/18
  4248 | D:3      | Found a stormy altar of Qazlal.
  4282 | D:3      | Noticed Jessica
  4289 | D:3      | Killed Jessica
  4479 | D:3      | Noticed Terence
  4486 | D:3      | Killed Terence
  4932 | D:4      | Reached skill level 1 in Throwing
  5332 | D:4      | Found Sifuose's General Store.
  5352 | D:4      | Bought a scroll of identify for 26 gold pieces
  5376 | D:4      | Found Duonk's Antique Armour Boutique.
  5390 | D:4      | Reached skill level 1 in Evocations
  5391 | D:4      | Reached skill level 1 in Fighting
  5391 | D:4      | Reached skill level 1 in Staves
  5780 | D:4      | Found a staircase to the Ecumenical Temple.
  5824 | D:4      | Reached skill level 2 in Staves
  6012 | D:4      | Reached skill level 5 in Stealth
  6161 | D:4      | Reached XP level 8. HP: 42/43 MP: 20/20
  6271 | D:4      | Bought a runed robe for 88 gold pieces
  6448 | D:5      | Entered Level 5 of the Dungeon
  6454 | D:5      | Reached skill level 3 in Staves
  6670 | D:5      | Reached skill level 4 in Staves
  6916 | D:5      | Reached skill level 5 in Staves
  7456 | D:5      | Reached skill level 6 in Staves
  7634 | D:5      | Reached skill level 1 in Necromancy
  7634 | D:5      | Reached skill level 1 in Earth Magic
  8042 | D:6      | Reached skill level 5 in Dodging
  8247 | D:6      | Reached skill level 7 in Staves
  8247 | D:6      | Reached XP level 9. HP: 40/47 MP: 17/21
  9612 | D:7      | Reached skill level 8 in Staves
  9779 | D:7      | Identified the +8 war axe of the Sugar Beet {freeze, Drain
                  | rElec rN++ Str+4}
  9805 | D:7      | Found a burning altar of Makhleb.
 10002 | D:7      | Found a broken altar of Ashenzari.
 10054 | D:7      | Found Ubelaafa's General Store.
 10062 | D:7      | Bought a potion of lignification for 39 gold pieces
 10708 | D:8      | Noticed Maggie
 10712 | D:8      | Reached XP level 10. HP: 56/56 MP: 22/22
 10913 | D:8      | Killed Maggie
 10914 | D:8      | Reached skill level 9 in Staves
 11170 | D:8      | Noticed a tengu warrior
 11177 | D:8      | Slain by a tengu warrior

Illustrated notes

Levels and vault maps discovered:
D:1:      minmay_arrival_up_and_down, layout_basic, serial_bayou_ford_a
D:2:      minmay_thinvault, layout_rooms, shapermc_ecumenical_altar_venn,
          basic_altar, uniq_crazy_yiuf_cottage, uniq_natasha
D:3:      layout_loops_ring, lemuel_tele_altar, amcnicky_mini_corridor_feature,
          uniq_robin, uniq_jessica, uniq_grinder, uniq_terence
D:4:      layout_basic, minmay_temple_entry_purple_smoke, serial_shops, shop,
          nicolae_inconvenience_store, minmay_quadrilaterals
D:5:      layout_basic
D:6:      layout_basic, grunt_potential
D:7:      layout_basic, kennysheep_little_box, lemuel_coloured_pillars_altar,
          serial_shops, nicolae_shop_stone
D:8:      minmay_the_grid_four_pointed_star [minmay_the_grid_triangle_9x9_sprig,
          minmay_the_grid_triangle_9x9_descending_squares,
          minmay_the_grid_triangle_9x9_tough_junction,
          minmay_the_grid_triangle_9x9_zippers_horizontal,
          minmay_the_grid_prize_four_corners_diamond_a], layout_loops_cross,
          uniq_maurice, uniq_maggie

Skill      XL: |  1  2  3  4  5  6  7  8  9 10 |
---------------+-------------------------------+-----
Conjurations   | 5 6 7 |  7.0
Stealth        | 3 4 5 |  5.0
Spellcasting   | 4 6 7 |  7.0
Dodging        | 3 4 5 8 |  8.8
Translocations | 1 2 |  2.0
Throwing       | 1 |  1.0
Evocations     | 1 |  1.0
Fighting       | 1 3 |  3.0
Staves         | 2 7 8 9 |  9.2
Necromancy     | 1 |  1.0
Earth Magic    | 1 |  1.0

Action                   |  1- 3 |  4- 6 |  7- 9 | 10-12 || total
-------------------------+-------+-------+-------+-------++-------
Melee: Unarmed           |       |     4 |     7 |       ||    11
       Punch             |       |     1 |       |       ||     1
       Quarterstaff      |       |     1 |   100 |    16 ||   117
 Cast: Magic Dart        |    33 |     8 |     7 |     1 ||    49
       Searing Ray       |    21 |    39 |    65 |     5 ||   130
       Iskenderun's Myst |       |     5 |    29 |       ||    34
Evoke: Wand              |     2 |     3 |       |       ||     5
  Use: Scroll            |       |       |    16 |     1 ||    17
       Potion            |       |       |     3 |       ||     3
 Stab: Sleeping          |       |       |     1 |     1 ||     2
       Paralysed         |       |       |     1 |       ||     1
Armor: Robe              |     4 |    15 |    43 |     7 ||    69
       Skin              |       |     6 |       |       ||     6
Dodge: Dodged            |       |    49 |   175 |    21 ||   245
